Description

This build opens with a 2 Gas expand, uses 3 Reapers, 2 Hellions to pressure the Protoss, then transitions into a 3/1/1 Stim timing

VOD

https://youtu.be/vQSBhobmQ7U?t=1387

Replay - LiquidClem v PtitDrogo: Game 3 - Golden Wall LE

Build Order

Get SALT Encoding   

  12  0:00  SCV  
  13  0:12  SCV  
  14  0:17  Supply Depot  
  14  0:25  SCV  
  15  0:38  SCV  
  15  0:39  Barracks  
  16  0:44  Refinery  
  16  0:50  SCV  
  16  0:53  Refinery  
  17  1:03  SCV  
  18  1:06  Supply Depot  
  18  1:15  SCV  
  19  1:26  Reaper  
  19  1:29  Orbital Command  
  20  1:45  Factory  
  20  1:54  SCV  
  20  1:58  Reaper  
  22  2:07  SCV  
  23  2:19  SCV  
  23  2:21  Command Center  
  24  2:29  Hellion  
  26  2:32  Reaper  
  28  2:38  Supply Depot  
  29  2:50  Hellion  
  31  2:55  Starport  
  31  3:05  Barracks Reactor  
  33  3:12  Factory Tech Lab  
  35  3:37  Factory Tech Lab  
  35  3:39  Banshee  
  36  3:41  Cloaking Field  
  36  3:42  Marine x2  
  36  3:43  Orbital Command  
  38  3:57  Siege Tank  
  41  4:02  Supply Depot  
  41  4:07  Marine x2  
  44  4:22  Banshee  
  48  4:27  Supply Depot  
  48  4:29  Marine x2  
  50  4:38  Barracks  
  52  4:45  Barracks  
  53  4:47  Siege Tank  
  57  4:53  Marine x2  
  61  5:11  Marine x2  
  61  5:13  Refinery, Engineering Bay, Starport Reactor  
  65  5:27  Factory Tech Lab  
  67  5:33  Stimpack  
  67  5:34  Marauder  
  72  5:38  Terran Infantry Weapons Level 1  
  73  5:43  Combat Shield, Refinery  
  73  5:47  Marauder  
  76  5:56  Marauder  
  82  6:06  Medivac  
  86  6:12  Marauder  
  86  6:16  Medivac  
  90  6:21  Marauder  
  90  6:32  Siege Tank  
  95  6:33  Marauder  
  95  6:38  Command Center  
  97  6:44  Marauder  
  99  6:49  Medivac  
  103  6:56  Marauder  
  103  7:00  Medivac  
  107  7:05  Marauder  
Spawning Tool Build Advisor. Get it on Overwolf

Go to:

Details

  • Created by: Zarmoxis
  • Published on: Nov 27, 2020
  • Modified on: Nov 27, 2020
  • Patch: 4.11.0
  • Difficulty: Hard
Show
View Real Time Build Order
Export as new Build Order

Comments (1)

On Dec. 10, 2020, 3:26 p.m., Asparagus  said:

Thanks a lot for writing this one out! Having a lot of fun with it.

Create an account to comment!